 Dungeon Crawl Stone Soup version 0.17-a0-1863-g715b4b0 (webtiles) character file.

16 Maveej the Grasshopper (level 2, 0/25 HPs)
             Began as a Ghoul Warper on Sept 21, 2015.
             Slain by a giant gecko (2 damage)
             ... on level 1 of the Dungeon.
             The game lasted 00:09:24 (720 turns).

Maveej the Grasshopper (Ghoul Warper)                Turns: 720, Time: 00:09:24

Health: 0/25       AC:  3    Str: 14    XL:     2   Next: 54%
Magic:  3/3        EV: 11    Int:  8    God:
Gold:   51         SH:  0    Dex:  8    Spells: 1 memorised, 3 levels left

rFire  . . .     SeeInvis .       - Unarmed
rCold  + . .     Clarity  .     a - +0 leather armour
rNeg   + + +     SustAt   .     (no shield)
rPois  ∞         Gourm    .     (no helmet)
rElec  .         Spirit   .     (no cloak)
rCorr  .         Warding  .     (no gloves)
rMut   .         Stasis   .     (no boots)
MR     .....                    (no amulet)
Stlth  +.........               (no ring)
                                (no ring)

@: rotting, not resistant to hostile enchantments, very unstealthy
A: rotting body, claws 1, carnivore 3, cold resistance 1, negative energy
resistance 3, slow healing 1, torment resistance, unbreathing
a: no special abilities


You were on level 1 of the Dungeon.
You were not hungry.

You visited 1 branch of the dungeon, and saw 1 of its levels.

You collected 51 gold pieces.

Inventory:

Hand weapons
 e - a +0 club
 h - a +0 club
Missiles
 d - 5 tomahawks of dispersal (quivered)
 i - 24 stones
 k - 14 arrows
 l - 3 needles of confusion
Armour
 a - a +0 leather armour (worn)
Scrolls
 c - a scroll of blinking
 g - 2 scrolls of identify {unknown}
 n - a scroll of fog {unknown}
Potions
 f - a potion of cure mutation {unknown}
 m - a potion of invisibility {unknown}
Books
 b - a book of Spatial Translocations

   Spells                             Type                      Level
   a - Apportation                    Translocation                1
   b - Blink                          Translocation                2
   c - Shroud of Golubria             Charms/Translocation         2
   d - Portal Projectile              Translocation                3
   e - Teleport Other                 Translocation                3
   f - Passage of Golubria            Translocation                4
Comestibles
 j - a chunk of flesh


   Skills:
 + Level 2.4 Fighting
 + Level 0.8 Throwing
 + Level 0.8 Armour
 + Level 2.1 Dodging
 + Level 2.4 Unarmed Combat
 + Level 1.8 Spellcasting
 + Level 2.9 Translocations


You had 3 spell levels left.
You knew the following spells:

 Your Spells              Type           Power        Failure   Level  Hunger
a - Apportation           Tloc           #.........   17%         1    ##.....


Dungeon Overview and Level Annotations

Branches:
Dungeon (1/15)

Altars:


Innate Abilities, Weirdness & Mutations

Your body is rotting away.
You thrive on raw meat.
You are immune to poison.
You have sharp fingernails.
You are carnivorous and can eat meat at any time.
Your flesh is cold resistant.
You are immune to negative energy.
You heal slowly when monsters are visible.
You are immune to unholy pain and torment.
You can survive without breathing.


Message History

* * * LOW HITPOINT WARNING * * *
The giant gecko bites you.
* * * LOW HITPOINT WARNING * * *
You continue eating.
The kobold hits you.
* * * LOW HITPOINT WARNING * * *
The rat completely misses you. The giant gecko barely misses you.
You continue eating.
The kobold barely misses you. The rat barely misses you.
The giant gecko closely misses you.
Your leather armour prevents you from hitting the giant gecko.
The giant gecko is lightly wounded.
The kobold hits you but does no damage. The rat bites you.
* * * LOW HITPOINT WARNING * * *
The giant gecko barely misses you.
Unknown command.
You miss the giant gecko.
The giant gecko is lightly wounded.
The kobold hits you but does no damage. The giant gecko bites you.
You die...

###..# ##.#...## # K
........ . .. ##....# ..##
.#... ###.....# ..###.....
#.#...#.# ##.......#
#.#..##.###)K.....#
#....##(...@l.....#
#....##)...#r..#..#
######......(...#.#.......
...#........)...).##...# .
#.#...##.........# .....
##>....##.#.#.....# .#....
##....).....#.....# ###..
..........###....... ..
...##..#........#...
######


You could see a giant gecko, a kobold and a rat.

Vanquished Creatures
  4 bats (D:1)
  A giant cockroach (D:1)
  2 hobgoblins (D:1)
  2 giant newts (D:1)
  2 goblins (D:1)
  2 kobolds (D:1)
  3 rats (D:1)
  3 plants (D:1)
19 creatures vanquished.

Notes
Turn   | Place    | Note
--------------------------------------------------------------
     0 | D:1      | Maveej the Ghoul Warper began the quest for the Orb.
     0 | D:1      | Reached XP level 1. HP: 17/17 MP: 2/2
   519 | D:1      | Reached XP level 2. HP: 16/24 MP: 3/3
   720 | D:1      | Slain by a giant gecko

Vault maps used:
D:1:      lightli_arrival_flooded_house, minmay_bisected

Action                   || total
-------------------------++-------
Melee: Unarmed           ||   293
  Use: Potion            ||     1
  Eat: Meat ration       ||     1
       Chunk             ||     3
       Beef jerky        ||     1
